 Dungeon Crawl Stone Soup version 0.29-a0-823-gc37b1572da (webtiles) character file.

Game seed: 17671089928778707701

2651010 sobakacece the Swordfish (level 27, 247/247 HPs)
             Began as a Merfolk Gladiator on July 7, 2022.
             Was an Initiate of Gozag.
             Escaped with the Orb
             ... and 4 runes on July 9, 2022!
             The game lasted 03:27:22 (57713 turns).

sobakacece the Swordfish (Merfolk Gladiator)       Turns: 57713, Time: 03:27:22

Health: 247/247    AC: 16    Str: 14    XL:     27
Magic:  23/23      EV: 55    Int: 12    God:    Gozag
Gold:   1764       SH: 28    Dex: 42    Spells: 26/26 levels left

rFire   + + +      SeeInvis .   i - +9 double sword of Circularity {freeze, rElec rN+}
rCold   + + +      Faith    .   K - +2 shield of Resistance {rF++ rC++ Will++}
rNeg    + + +      Spirit   .   U - +0 robe of Viyttefe {rF+ rN+ Will++}
rPois   +          Reflect  +   f - +1 helmet "Mojofeg" {Int+3 Slay+4}
rElec   +          Harm     .   B - +2 ratskin cloak {*Rats rPois rN+ Str-1 Int-1 Dex+1}
rCorr   .          Rampage  .   h - +3 pair of gloves of the Arena {Fly}
Will    +++++                   R - +0 pair of boots "Ynwuar" {rPois}
Stlth   +.........              P - amulet of Paest {Reflect Regen+ SH+5}
HPRegen 1.31/turn               l - ring of Oluirch {Ice *Slow Dex+7 Slay+6}
MPRegen 0.18/turn               k - ring of Disaster {+Blink rF+ Int+2 Dex+6}

@: flying
A: (nimble swimmer 2), mertail, deterioration 1
0: Orb of Zot
}: 4/15 runes: decaying, serpentine, silver, abyssal
a: Renounce Religion, Evoke Blink, Potion Petition, Call Merchant, Bribe Branch


You escaped.
You worshipped Gozag.
Gozag was most pleased with you.
You visited 9 branches of the dungeon, and saw 46 of its levels.
You visited the Abyss 1 time.
You also visited: Trove, Bailey, Gauntlet, Ice Cave, Wizlab and Desolation.

You collected 25578 gold pieces.
You spent 8426 gold pieces at shops.
You paid 15388 gold pieces to Gozag.

Inventory:

Hand Weapons
 d - the +5 triple sword of a bazaar {elec, Dex+3}
   (You acquired it on level 7 of the Dungeon)

   It occasionally discharges a powerful burst of electricity upon striking a
   foe.
   Dex:       It affects your dexterity (+3).
 i - the +9 double sword of Circularity (weapon) {freeze, rElec rN+}
   (You found it on level 6 of the Lair of Beasts)

   It freezes those it strikes, dealing additional cold damage.
   It can also slow down cold-blooded creatures.
   rElec:     It insulates you from electricity.
   rN:        It protects you from negative energy.
 Y - a +9 demon blade of flaming
Missiles
 L - 3 throwing nets
 S - 10 silver javelins
 X - 6 curare-tipped darts
Armour
 f - the +1 helmet "Mojofeg" (worn) {Int+3 Slay+4}
   (You found it in a treasure trove)

   Int:       It affects your intelligence (+3).
   Slay:      It affects your accuracy & damage with ranged weapons and melee
   (+4).
 h - the +3 pair of gloves of the Arena (worn) {Fly}
   (You found it in a treasure trove)

   Fly:       It grants you flight.
 B - the +2 ratskin cloak (worn) {*Rats rPois rN+ Str-1 Int-1 Dex+1}
   (You found it on level 5 of the Dungeon)

   When the wearer is hurt, rats may emerge from it to assist them.
   Str:       It affects your strength (-1).
   Int:       It affects your intelligence (-1).
   Dex:       It affects your dexterity (+1).
   rPois:     It protects you from poison.
   rN:        It protects you from negative energy.
 K - the +2 shield of Resistance (worn) {rF++ rC++ Will++}
   (You bought it in a shop on level 2 of the Orcish Mines)

   rF:        It greatly protects you from fire.
   rC:        It greatly protects you from cold.
   Will:      It greatly increases your willpower.
 R - the +0 pair of boots "Ynwuar" (worn) {rPois}
   (You found it in an ice cave)

   rPois:     It protects you from poison.
 U - the +0 robe of Viyttefe (worn) {rF+ rN+ Will++}
   (You found it on level 1 of the Swamp)

   rF:        It protects you from fire.
   rN:        It protects you from negative energy.
   Will:      It greatly increases your willpower.
Jewellery
 b - the ring "Varo" {rC++ Will+++ rCorr Stlth+}
   (You found it in a wizard's laboratory)

   [ring of resist corrosion]

   rC:        It greatly protects you from cold.
   rCorr:     It protects you from acid and corrosion.
   Will:      It greatly increases your willpower.
   Stlth:     It makes you more stealthy.
 k - the ring of Disaster (right hand) {+Blink rF+ Int+2 Dex+6}
   (You found it in an ice cave)

   [ring of dexterity]

   Int:       It affects your intelligence (+2).
   Dex:       It affects your dexterity (+6).
   rF:        It protects you from fire.
   +Blink:    It lets you blink.
 l - the ring of Oluirch (left hand) {Ice *Slow Dex+7 Slay+6}
   (You found it in a wizard's laboratory)

   [ring of ice]

   It enhances your ice magic.
   Dex:       It affects your dexterity (+7).
   Slay:      It affects your accuracy & damage with ranged weapons and melee
   (+6).
   rF:        It makes you vulnerable to fire.
   rC:        It protects you from cold.
   *Slow:     It may slow you when you take damage.
 P - the amulet of Paest (around neck) {Reflect Regen+ SH+5}
   (You found it in a Gauntlet)

   [amulet of reflection]

   It reflects blocked missile attacks.
   Regen:     It increases your rate of health regeneration.
   SH:        It affects your SH (+5).
 Z - the ring of Vionuw {rCorr SInv}
   (You found it in a wizard's laboratory)

   [ring of resist corrosion]

   SInv:      It lets you see invisible.
   rCorr:     It protects you from acid and corrosion.
Wands
 e - a wand of quicksilver (18)
 j - a wand of digging (5)
 s - a wand of roots (23)
 y - a wand of mindburst (20)
 E - a wand of paralysis (32)
Scrolls
 c - a scroll of magic mapping
 m - 8 scrolls of immolation
 p - 20 scrolls of teleportation
 q - 14 scrolls of fog
 C - a scroll of silence
 D - 3 scrolls of summoning
 G - 2 scrolls of fear
 H - 3 scrolls of blinking
 T - 5 scrolls of poison
 W - 11 scrolls of enchant armour
Potions
 n - 7 potions of ambrosia
 o - 11 potions of might
 r - 7 potions of resistance
 t - 7 potions of attraction
 u - 4 potions of magic
 v - 6 potions of cancellation
 x - 10 potions of lignification
 A - 8 potions of curing
 F - 9 potions of haste
 J - a potion of invisibility
 M - 2 potions of berserk rage
 N - 18 potions of heal wounds
 O - 10 potions of flight
Miscellaneous
 a - a condenser vane
 g - a phantom mirror
 w - a tin of tremorstones (2/2)
 I - a condenser vane
 Q - a phial of floods
 V - a lightning rod (4/4)


   Skills:
 - Level 26.9 Fighting
 O Level 27 Long Blades
 - Level 2.0 Throwing
 - Level 15.0 Armour
 - Level 26.9 Dodging
 + Level 18.7 Shields
 - Level 12.3 Evocations


You had 26 spell levels left.
You didn't know any spells.
Your spell library contained the following spells:

 Spells                   Type           Power      Damage    Failure   Level
 Apportation              Tloc           0%         N/A       43%         1
 Beastly Appendage        Tmut           0%         N/A       43%         1
 Magic Dart               Conj           0%         1d3       43%         1
 Necrotise                Necr           0%         1d4       43%         1
 Sandblast                Erth           0%         2d4       43%         1
 Shock                    Conj/Air       0%         1d3       43%         1
 Sting                    Tmut/Pois      0%         1d3       43%         1
 Summon Small Mammal      Summ           0%         N/A       43%         1
 Blink                    Tloc           0%         N/A       58%         2
 Call Imp                 Summ           0%         N/A       58%         2
 Ensorcelled Hibernation  Hex/Ice        0%         N/A       58%         2
 Passwall                 Tmut/Erth      0%         N/A       58%         2
 Poisonous Vapours        Pois/Air       0%         N/A       58%         2
 Searing Ray              Conj           0%         2d4       58%         2
 Static Discharge         Conj/Air       0%         3-3/arc   58%         2
 Sublimation of Blood     Necr           0%         N/A       58%         2
 Wereblood                Tmut           0%         N/A       58%         2
 Call Canine Familiar     Summ           0%         N/A       82%         3
 Frozen Ramparts          Ice            0%         1d2       82%         3
 Gell's Gravitas          Tloc           0%         N/A       82%         3
 Lesser Beckoning         Tloc           0%         N/A       82%         3
 Mephitic Cloud           Conj/Pois/Air  0%         N/A       82%         3
 Ozocubu's Armour         Ice            0%         N/A       82%         3
 Portal Projectile        Hex/Tloc       0%         N/A       82%         3
 Spider Form              Tmut/Pois      0%         N/A       82%         3
 Stone Arrow              Conj/Erth      0%         3d7       82%         3
 Summon Guardian Golem    Hex/Summ       0%         N/A       82%         3
 Swiftness                Air            0%         N/A       82%         3
 Teleport Other           Tloc           0%         N/A       82%         3
 Tukima's Dance           Hex            0%         N/A       82%         3
 Airstrike                Air            0%         0-1+      99%         4
 Anguish                  Hex/Necr       0%         N/A       99%         4
 Cause Fear               Hex            0%         N/A       99%         4
 Dispel Undead            Necr           0%         3d6       99%         4
 Fulminant Prism          Conj/Hex       0%         3d6       99%         4
 Hailstorm                Conj/Ice       0%         3d3       99%         4
 Leda's Liquefaction      Hex/Erth       0%         N/A       99%         4
 Olgreb's Toxic Radiance  Pois           0%         N/A       99%         4
 Petrify                  Tmut/Erth      0%         N/A       99%         4
 Sticky Flame             Conj/Fire      0%         2d3       99%         4
 Summon Ice Beast         Ice/Summ       0%         N/A       99%         4
 Summon Lightning Spire   Summ/Air       0%         N/A       99%         4
 Blade Hands              Tmut           0%         N/A       100%        5
 Borgnjor's Vile Clutch   Necr/Erth      0%         N/A       100%        5
 Irradiate                Conj/Tmut      0%         3d13      100%        5
 Lee's Rapid Deconstruct  Erth           0%         3d5*      100%        5
 Lightning Bolt           Conj/Air       0%         1d11      100%        5
 Manifold Assault         Tloc           0%         N/A       100%        5
 Metabolic Englaciation   Hex/Ice        0%         N/A       100%        5
 Summon Mana Viper        Hex/Summ       0%         N/A       100%        5
 Yara's Violent Unravell  Hex/Tmut       0%         3d3       100%        5
 Iron Shot                Conj/Erth      0%         9d1       100%        6
 Statue Form              Tmut/Erth      0%         N/A       100%        6
 Dragon Form              Tmut           0%         N/A       100%        7
 Enfeeble                 Hex            0%         N/A       100%        7
 Malign Gateway           Summ/Tloc      0%         N/A       100%        7
 Monstrous Menagerie      Summ           0%         N/A       100%        7
 Orb of Destruction       Conj           0%         9d5       100%        7
 Ozocubu's Refrigeration  Ice            0%         4d5       100%        7
 Spellforged Servitor     Conj/Summ      0%         N/A       100%        7
 Storm Form               Tmut/Air       0%         N/A       100%        7
 Summon Hydra             Summ           0%         N/A       100%        7
 Maxwell's Capacitive Co  Air            0%         ∞         100%        8
 Summon Horrible Things   Summ           0%         N/A       100%        8
 Chain Lightning          Conj/Air       0%         N/A       100%        9
 Dragon's Call            Summ           0%         N/A       100%        9
 Fire Storm               Conj/Fire      0%         5d1       100%        9
 Polar Vortex             Ice            0%         N/A       100%        9
 Shatter                  Erth           0%         3d5*      100%        9
 Simulacrum               Ice/Necr       Unusable   N/A       N/A         6

Dungeon Overview and Level Annotations

Branches:
Dungeon (15/15)            Temple (1/1) D:7            Lair (6/6) D:9
  Swamp (4/4) Lair:4        Snake (4/4) Lair:3        Slime (0/5) Lair:5
    Orc (2/2) D:12            Elf (0/3) Orc:2        Vaults (5/5) D:14
  Crypt (0/3) Vaults:3     Depths (4/4) D:15            Zot (5/5) Depths:4
 Bailey (visited)           IceCv (visited)          WizLab (visited)
Desolation (visited)      Gauntlet (visited)

Altars:
Ashenzari
Cheibriados
Dithmenos
Elyvilon
Fedhas
Gozag
Hepliaklqana
Kikubaaqudgha
Makhleb
Nemelex Xobeh
Okawaru
Qazlal
Ru
Sif Muna
Trog
Uskayaw
Vehumet
Wu Jian
Xom
Yredelemnul
Zin
The Shining One
Jiyva

Shops:
D:2 (   D:14 [   Orc:2 ((*[[?=![   Vaults:1 [!   Vaults:4 [=[   Depths:1 *=
Depths:2 :

Portals:
Hell: Depths:1 Depths:2 Depths:3 Depths:4
Abyss: Depths:1 Depths:2 Depths:3 Depths:4
Pandemonium: Orc:2 Depths:2
Ziggurat: Depths:2

Annotations:
D:12 3 runed translucent doors, Megustar's ghost, journeyman DEFE
Lair:5 1 runed translucent door


Innate Abilities, Weirdness & Mutations

((You are very nimble when in or above water. (Stealth+, EV+, Speed+++)))
Your lower body shifts to a powerful aquatic tail in water.
Your body sometimes deteriorates upon taking damage.


Message History

(D) Dungeon (T) Temple (L) Lair (S) Swamp (P) Snake Pit (M) Slime Pits (O) Orcish Mines (E) Elven Halls (V) Vaults (C) Crypt (U) Depths (H) Hell (Z) Zot
Where to? (Enter - D:3 @ (x,y), ? - help) Have to go through D:3.
Continue?
Okay, then.
Aiming: Dig
Press: ? - help, Shift-Dir - straight line You can't see that place. [a rock wall.]
The rock shatters into small pieces.
There is a stone staircase leading up here.
You fly upwards.
There is a stone staircase leading down here.
(D) Dungeon (T) Temple (L) Lair (S) Swamp (P) Snake Pit (M) Slime Pits (O) Orcish Mines (E) Elven Halls (V) Vaults (C) Crypt (U) Depths (H) Hell (Z) Zot
Where to? (Enter - D:1, ? - help)
Okay, then.
There is a large open door here.
There is a staircase leading out of the dungeon here.
Okay, then.
Okay, then.
Okay, then.
Unknown command.
Unknown command.
Unknown command.
Unknown command.
Unknown command.
Unknown command.
Unknown command.
Unknown command.
Unknown command.
Unknown command.
Char dumped successfully.
Done exploring.
There is a staircase leading out of the dungeon here.
You have escaped!

######## ###≈≈≈≈≈≈###
##§≈≈≈≈≈≈§≈≈##
#≈≈≈§§#§§≈≈≈§#
##≈§≈≈≈§§≈§#§§##
######≈≈#≈≈≈≈≈≈≈≈≈§§#
#....#≈§≈≈§####§≈≈§≈#
#.##.'.§§....@#≈≈§§§#
#.##.'..§.§..>#≈≈§≈≈#
#.####≈§≈§≈####≈≈≈≈≈#
#.# #≈≈#≈§§§§≈≈≈§≈≈#
####.#
##§§§§≈§≈≈≈#§≈##
.....# #≈≈§≈≈#≈§≈≈≈≈#
###### ##§≈≈≈≈≈≈≈≈§##
###≈≈≈≈≈≈### ########


There were no monsters in sight!

Vanquished Creatures
  A dread lich (Vaults:5)
  2 ancient liches
  2 juggernauts
  Josephina (Depths:3)
  2 Killer Klowns
  Saint Roka (Depths:1)
  Bai Suzhen (Swamp:3)
  A curse toe (Zot:4)
  7 golden dragons
  the Enchantress (Depths:1)
  3 bone dragons
  A Hellbinder (WizLab)
  3 doom hounds
  2 electric golems
  A hellephant (Depths:4)
  3 Tzitzimimeh
  Zenata (Vaults:1)
  19 tentacled monstrosities
  A shard shrike skeleton (Abyss:2)
  4 Orb Guardians
  Mlioglotl (Swamp:2)
  Rupert (D:12)
  4 liches
  10 quicksilver dragons
  Grunn (Depths:3)
  6 titans
  5 sphinxes
  Gastronok (D:12)
  4 death cobs
  4 tengu reavers
  2 Executioners (Depths:2)
  10 storm dragons
  6 tentacled starspawn
  2 thorn hunters (Swamp:4)
  4 nagarajas
  Donald (Orc:2)
  12 shadow dragons
  11 draconian monks
  9 fire giants
  A fenstrider witch (Swamp:1)
  A revenant (Vaults:3)
  7 draconian knights
  An azure jelly (D:15)
  19 vault wardens
  Aizul (Vaults:1)
  3 ghost moths
  2 imperial myrmidons (Desolation)
  An orc warlord (Vaults:4)
  9 draconian scorchers
  14 frost giants
  5 draconian shifters
  A balrug (WizLab)
  Louise (Swamp:2)
  An emperor scorpion (shapeshifter) (Vaults:5)
  2 draconian stormcallers
  12 very ugly things
  15 ironbound preservers
  2 cacodemons (WizLab)
  2 ophanim (Abyss:3)
  3 reapers (Depths:2)
  10 draconian annihilators
  2 ghouls (Swamp:3)
  A juggernaut skeleton (Depths:2)
  3 spriggan defenders (Depths:1)
  An angel (Abyss:3)
  12 ironbound thunderhulks
  5 vampire knights
  12 black draconians
  A deep elf demonologist (Vaults:5)
  A caustic shrike skeleton (Depths:2)
  6 eleionomae
  A putrid mouth (Depths:3)
  12 stone giants
  16 white draconians
  2 demonspawn black suns
  4 entropy weavers
  23 dire elephants
  15 green draconians
  7 yellow draconians
  Azrael (D:12)
  A deep elf annihilator (Vaults:5)
  17 red draconians
  2 spark wasps (Depths:3)
  A lorocyproca (WizLab)
  A minotaur (Gauntlet)
  16 purple draconians
  5 ettins
  2 blizzard demons
  A bunyip (Swamp:1)
  Snorg (Lair:6)
  3 crystal guardians (Desolation)
  4 deep elf death magi
  2 green deaths
  A spriggan zombie (Abyss:1)
  8 servants of whispers (Desolation)
  3 salamander tyrants
  8 great orbs of eyes
  8 ragged hierophants (Desolation)
  2 shambling mangroves
  A spectral tengu (Depths:2)
  11 fire dragons
  3 deep elf high priests
  7 ice dragons
  30 vault guards
  4 rakshasas
  15 peacekeepers (Desolation)
  An ogre mage (Vaults:4)
  14 yaktaur captains
  22 hydras
  16 ironbound frosthearts
  A catoblepas (Lair:6)
  Erica (Lair:1)
  6 spriggan air magi
  7 boulder beetles
  A demonspawn (Orc:2)
  A hell beast (WizLab)
  26 centaur warriors
  A two-headed ogre (shapeshifter) (Vaults:5)
  10 alligators
  3 death yaks (Lair:6)
  8 anacondas
  13 naga warriors
  7 deep troll shamans
  A titan zombie (Depths:2)
  11 tengu warriors
  10 hell hogs (Depths:4)
  2 vampire magi
  2 two-headed ogres
  9 deep troll earth magi
  Sonja (D:11)
  A spectral storm dragon (Depths:2)
  7 spriggan berserkers
  12 hell knights
  16 naga sharpshooters
  2 soul eaters
  3 orc high priests (Orc:2)
  8 shock serpents
  4 thrashing horrors (Abyss:1)
  The ghost of KingMieszko3 the Basher, a novice MiBe of Trog (D:8)
  A shadow wraith (Vaults:5)
  2 titan skeletons (Depths:2)
  2 death drakes (Depths:4)
  3 sixfirhies
  A sea snake (Snake:1)
  2 wretched stars
  7 iron trolls
  A bunyip zombie (Abyss:1)
  2 cherubim (Abyss:3)
  8 salamander mystics
  A skeletal warrior (Vaults:3)
  An orange crystal statue (IceCv)
  4 flayed ghosts
  3 goliath frogs
  9 swamp dragons
  A spriggan druid (Swamp:3)
  4 glowing orange brains
  43 deep trolls
  A swamp dragon (shapeshifter) (Vaults:5)
  6 starcursed masses
  A deep troll (shapeshifter) (Depths:3)
  A tengu zombie (Depths:2)
  A shadow demon (Depths:3)
  A spriggan simulacrum (Depths:3)
  5 naga ritualists
  10 lindwurms
  9 necromancers
  A sphinx zombie (Depths:2)
  5 phantasmal warriors
  4 bog bodies
  12 wizards
  22 ironbound convokers
  5 harpies
  2 deep elf pyromancers (D:14)
  A golden dragon skeleton (Depths:2)
  10 orc knights
  A tengu skeleton (Depths:2)
  An oklob plant (Lair:6)
  9 cyclopes
  3 will-o-the-wisps
  An iron dragon zombie (Depths:2)
  A wolf spider (D:15)
  5 manticores
  8 mana vipers
  A manticore (shapeshifter) (Vaults:5)
  A faun (shapeshifter) (D:14)
  31 ugly things
  A shining eye (Abyss:2)
  23 slime creatures
  21 moths of wrath
  7 orc sorcerers (Orc:2)
  25 salamanders
  2 guardian serpents (shapeshifter) (D:15)
  A sphinx skeleton (Depths:2)
  An apocalypse crab (Abyss:1)
  5 rust devils
  Maurice (D:11)
  14 elephants
  24 vault sentinels
  3 torpor snails
  13 guardian serpents
  A naga zombie (Abyss:1)
  Joseph (D:8)
  40 black mambas
  6 orange demons
  16 cane toads
  An eye of devastation (Depths:2)
  2 molten gargoyles (Desolation)
  17 naga magi
  A torpor snail (shapeshifter) (Vaults:4)
  A hellion (WizLab)
  3 unseen horrors
  5 ice devils (WizLab)
  An efreet (Gauntlet)
  2 kobold demonologists
  A titan simulacrum (Depths:2)
  37 yaktaurs
  4 freezing wraiths
  21 rime drakes
  9 tengu conjurers
  15 komodo dragons
  A hellwing (D:4)
  7 tormentors
  2 spectral glowing shapeshifters (Depths:2)
  A red devil (WizLab)
  A spark wasp simulacrum (Depths:2)
  5 trolls
  5 ancient zymes
  2 golden dragon simulacra
  A tarantella (Vaults:2)
  19 polar bears
  2 meliai (D:14)
  A meliai (shapeshifter) (Vaults:5)
  10 tyrant leeches
  3 tengu simulacra
  10 hornets
  74 saltlings (Desolation)
  Prince Ribbit (Lair:3)
  A blink frog (shapeshifter) (Abyss:1)
  28 blink frogs
  14 raiju
  11 dream sheep
  2 iron dragon simulacra (Depths:3)
  A fire giant simulacrum (Depths:2)
  2 centaur simulacra (Gauntlet)
  9 spriggans
  2 jumping spiders
  A shadow (D:11)
  2 culicivoras (Vaults:1)
  2 vampires
  2 ynoxinuls
  A culicivora (shapeshifter) (D:14)
  3 fire bats (Abyss:1)
  10 large abominations
  3 fire elementals
  6 wyverns
  7 basilisks
  4 steam dragons
  45 yaks
  A golden eye (Abyss:1)
  4 wraiths
  9 chaos spawn
  5 redbacks
  2 neqoxecs
  2 hogs (D:11)
  12 vampire mosquitoes
  4 wargs
  Edmund (D:6)
  34 nagas
  18 swamp worms
  37 water moccasins
  6 hell hounds
  2 glowing shapeshifter skeletons (Depths:2)
  3 floating eyes (Depths:2)
  30 orc warriors
  2 sky beasts
  A meliai simulacrum (Gauntlet)
  8 swamp drakes
  2 ice beasts
  2 black bears (Lair:3)
  8 ogres
  5 wolves
  9 centaurs
  A phantom (D:5)
  A kobold brigand (D:8)
  6 bullfrogs
  2 necrophages (Swamp:3)
  5 gnoll sergeants
  2 scorpions
  2 glowing shapeshifter simulacra (Depths:2)
  A hornet simulacrum (Gauntlet)
  13 wights
  10 killer bees
  A floating eye simulacrum (Depths:2)
  5 electric eels
  4 howler monkeys
  A jelly (Abyss:3)
  4 crimson imps (Depths:1)
  2 quasits (Abyss:2)
  4 lava snakes (Snake:1)
  4 hounds
  A gnoll bouda (Orc:2)
  24 orc priests
  2 iron imps (Abyss:1)
  23 orc wizards
  6 iguanas
  11 small abominations
  A boggart simulacrum (Gauntlet)
  2 adders
  22 gnolls
  A white imp (D:5)
  2 ufetubi
  A worm (D:2)
  2 dart slugs
  78 orcs
  5 ball pythons
  3 bats
  5 endoplasms
  11 goblins
  12 hobgoblins
  5 jackals (D:2)
  3 quokkas
  A frilled lizard (D:2)
  12 kobolds
  3 rats
  A lurking horror (Abyss:1)
  5 starspawn tentacles
2171 creatures vanquished.

Vanquished Creatures (collateral kills)
  2 dread liches (Zot:5)
  the Lernaean hydra (Swamp:4)
  2 Killer Klowns (Zot:5)
  A golden dragon (Zot:5)
  An electric golem (Zot:5)
  11 Orb Guardians (Zot:5)
  A death cob (Zot:5)
  A storm dragon (Zot:5)
  A draconian monk (Zot:1)
  A ghost moth (Zot:5)
  A black draconian (Zot:5)
  A green draconian (Zot:5)
  2 hydras
  An orc high priest (Orc:2)
  A naga sharpshooter (Snake:3)
  A swamp dragon (Swamp:4)
  An orc sorcerer (Orc:2)
  4 moths of wrath
  A black mamba (Snake:3)
  A yaktaur (Vaults:3)
  A yak (D:10)
  An orc warrior (Vaults:5)
  A wight (D:7)
  2 orc priests (Orc:2)
  An orc wizard (D:6)
  2 gnolls (D:5)
  4 orcs
48 creatures vanquished.

Vanquished Creatures (others)
  An ancient lich (Zot:5)
  6 Orb Guardians (Zot:5)
  A tentacled monstrosity (Zot:5)
  2 death cobs (Zot:5)
  A green draconian (Zot:5)
  A blizzard demon (Depths:1)
  An ice dragon (Depths:4)
  A hydra (Swamp:4)
  3 dancing weapons (Abyss:3)
  A shadow wraith (D:14)
  A moth of wrath (Zot:5)
  A naga mage (Snake:1)
  2 bloated husks
  A tyrant leech (Swamp:2)
  A naga (Snake:4)
  A swamp drake (Swamp:4)
  A small abomination (Abyss:3)
  2 iguanas (Lair:6)
  5 demonic plants (Abyss:3)
  2 foxfires (Swamp:2)
  37 fungi
  A lurking horror (Abyss:2)
  65 plants
  9 starspawn tentacles
  7 withered plants (Desolation)
154 creatures vanquished.

Grand Total: 2373 creatures vanquished

Notes
Turn   | Place    | Note
-------+----------+-------------------------------------------
     0 | D:1      | sobakacece the Merfolk Gladiator began the quest for the
                  | Orb.
     0 | D:1      | Reached XP level 1. HP: 16/16 MP: 1/1
    72 | D:1      | Upgraded the game from 0.29-a0-821-g66395355a5 to
                  | 0.29-a0-823-gc37b1572da
    90 | D:1      | Reached skill level 4 in Long Blades
    98 | D:1      | Reached XP level 2. HP: 15/22 MP: 2/2
  1042 | D:3      | Noticed an ogre
  1052 | D:3      | Killed an ogre
  1053 | D:3      | Reached skill level 6 in Long Blades
  1053 | D:3      | Reached XP level 3. HP: 27/27 MP: 3/3
  1053 | D:3      | Reached XP level 4. HP: 33/33 MP: 4/4
  1140 | D:3      | Noticed a scorpion
  1154 | D:3      | Killed a scorpion
  1155 | D:3      | Reached skill level 7 in Long Blades
  1155 | D:3      | Reached XP level 5. HP: 31/38 MP: 5/5
  1473 | D:2      | Found Kadog's Antique Weapon Boutique.
  1854 | D:2      | Found a faded altar of an unknown god.
  2495 | D:4      | Reached XP level 6. HP: 44/44 MP: 6/6
  2968 | D:4      | Reached skill level 8 in Long Blades
  3497 | D:4      | Found a sacrificial altar of Ru.
  3644 | D:4      | HP: 1/44 [gnoll/+0 spear (2)]
  3944 | D:5      | Entered Level 5 of the Dungeon
  4170 | D:5      | Reached skill level 9 in Long Blades
  4181 | D:5      | Reached XP level 7. HP: 12/50 MP: 7/7
  4589 | D:5      | Found the +2 ratskin cloak {*Rats rPois rN+ Str-1 Int-1
                  | Dex+1}
  4728 | D:5      | Found Zin's Purification Station.
  4728 | D:5      | Found a glowing silver altar of Zin.
  4733 | D:5      | Bought a potion of curing for 90 gold pieces
  4769 | D:5      | Reached skill level 10 in Long Blades
  5240 | D:6      | Reached skill level 11 in Long Blades
  5240 | D:6      | Reached XP level 8. HP: 30/56 MP: 8/8
  6093 | D:6      | Noticed Edmund
  6098 | D:6      | Reached skill level 12 in Long Blades
  6120 | D:6      | Killed Edmund
  6731 | D:6      | Reached skill level 5 in Fighting
  6921 | D:7      | Identified a scroll of acquirement
  6921 | D:7      | Acquired the +5 triple sword of a bazaar {elec, Dex+3}
  7051 | D:7      | Found a staircase to the Ecumenical Temple.
  7078 | D:7      | Reached XP level 9. HP: 55/71 MP: 9/9
  7105 | D:7      | Found a flagged portal.
  7114 | Bailey   | Entered a bailey
  7499 | Temple   | Entered the Ecumenical Temple
  7606 | Temple   | Became a worshipper of Gozag Ym Sagoz the Greedy
  7802 | D:7      | Identified the +4 short sword "Quteofiaxi" {spect, rElec}
  7880 | D:7      | Reached skill level 5 in Dodging
  8849 | D:8      | Noticed Joseph
  8864 | D:8      | Killed Joseph
  8865 | D:8      | Reached skill level 10 in Fighting
  8865 | D:8      | Reached XP level 10. HP: 57/85 MP: 10/10
  9012 | D:8      | Found a runed translucent door.
  9016 | D:8      | Noticed KingMieszko3's ghost (novice MiBe)
  9068 | D:8      | Identified the +5 plate armour of Egalitarianism {rC+ rN+
                  | Regen+ Slay+2}
  9096 | D:8      | Killed KingMieszko3's ghost
  9097 | D:8      | Reached skill level 1 in Armour
  9303 | D:9      | Noticed a two-headed ogre
  9306 | D:9      | Killed a two-headed ogre
  9524 | D:9      | Found an ornate altar of the Wu Jian Council.
  9524 | D:9      | Found a blossoming altar of Fedhas.
  9592 | D:9      | Found an iron altar of Okawaru.
  9621 | D:9      | Found a white marble altar of Elyvilon.
  9759 | D:9      | Found a staircase to the Lair.
  9979 | Lair:1   | Entered Level 1 of the Lair of Beasts
  9979 | Lair:1   | Noticed Erica
  9979 | Lair:1   | Found a gate leading to a gauntlet.
  9986 | Lair:1   | Killed Erica
  9987 | Lair:1   | Reached XP level 11. HP: 91/95 MP: 11/11
 10003 | Gauntlet | Entered a Gauntlet
 10003 | Gauntlet | Found a transporter.
 10003 | Gauntlet | Found a transporter.
 10004 | Gauntlet | Found a transporter.
 10007 | Gauntlet | Found a transporter.
 10007 | Gauntlet | Found a transporter.
 10007 | Gauntlet | Found a transporter.
 10011 | Gauntlet | Noticed a worldbinder
 10016 | Gauntlet | Noticed an obsidian statue
 10017 | Gauntlet | Found a transporter.
 10021 | Gauntlet | Found a transporter.
 10029 | Gauntlet | Noticed a wretched star
 10031 | Gauntlet | Noticed a dire elephant
 10037 | Gauntlet | Found a transporter.
 10039 | Gauntlet | Found a transporter.
 10055 | Gauntlet | Found a transporter.
 10059 | Gauntlet | Found a transporter.
 10317 | Gauntlet | Reached skill level 5 in Armour
 10323 | Gauntlet | Identified the amulet of Paest {Reflect Regen+ SH+5}
 10386 | Gauntlet | Killed a dire elephant
 10430 | Gauntlet | Noticed a minotaur
 10448 | Gauntlet | Killed a minotaur
 10464 | Gauntlet | Identified the +3 ring mail "Weduryis" {rC+ Dex+4}
 10609 | Lair:1   | Reached skill level 10 in Dodging
 10619 | Lair:1   | You fall into a shaft and drop 1 floor!
 10631 | Lair:2   | Noticed a five-headed hydra
 10832 | Lair:2   | Killed a ten-headed hydra
 10833 | Lair:2   | Reached XP level 12. HP: 55/102 MP: 12/12
 11348 | Lair:1   | Identified the ring of Accord {rPois rN+}
 11369 | Lair:1   | Identified the +7 chain mail of the Fae Grue {Harm Int+3}
 11959 | Lair:2   | Reached skill level 15 in Dodging
 12108 | Lair:2   | Noticed a six-headed hydra
 12117 | Lair:2   | Killed an 11-headed hydra
 12456 | Lair:3   | Noticed Prince Ribbit
 12467 | Lair:3   | Killed Prince Ribbit
 12568 | Lair:3   | Found a staircase to the Snake Pit.
 12702 | Lair:3   | Reached XP level 13. HP: 108/108 MP: 13/13
 13406 | Lair:4   | Reached skill level 10 in Armour
 14037 | Lair:4   | Found a staircase to the Swamp.
 14154 | Lair:5   | Found a runed translucent door.
 14155 | Lair:5   | Found a viscous altar of Jiyva.
 14155 | Lair:5   | Noticed an azure jelly
 14216 | Lair:5   | Noticed an azure jelly
 14709 | Lair:5   | Found a staircase to the Slime Pits.
 14934 | Lair:6   | Entered Level 6 of the Lair of Beasts
 14952 | Lair:5   | Reached skill level 1 in Evocations
 14952 | Lair:5   | Reached XP level 14. HP: 36/115 MP: 14/14
 15217 | Lair:6   | Reached skill level 5 in Evocations
 15804 | Lair:6   | Noticed Snorg
 15809 | Lair:6   | Killed Snorg
 15830 | Lair:6   | Identified the +9 double sword of Circularity {freeze,
                  | rElec rN+}
 16614 | Lair:6   | Reached skill level 10 in Evocations
 17033 | D:10     | Entered Level 10 of the Dungeon
 17313 | D:10     | Found a bloodstained altar of Trog.
 17550 | D:11     | You fall into a shaft and drop 2 floors!
 17593 | D:13     | Reached skill level 13 in Long Blades
 17602 | D:13     | Reached XP level 15. HP: 121/121 MP: 15/15
 17648 | D:12     | Found a runed translucent gate.
 17648 | D:12     | Found a runed translucent gate.
 17649 | D:12     | Noticed an acid blob
 17649 | D:12     | Noticed an azure jelly
 17649 | D:12     | Noticed an azure jelly
 17650 | D:12     | Found a runed translucent gate.
 17650 | D:12     | Noticed an acid blob
 17650 | D:12     | Noticed Megustar's ghost (journeyman DEFE)
 17650 | D:12     | Noticed an acid blob
 17650 | D:12     | Noticed an acid blob
 17650 | D:12     | Noticed an azure jelly
 17651 | D:12     | Noticed a rockslime
 17651 | D:12     | Noticed an azure jelly
 18010 | D:11     | Noticed Sonja
 18015 | D:11     | Killed Sonja
 18234 | D:11     | Noticed Maurice
 18250 | D:11     | Killed Maurice
 18251 | D:11     | Reached skill level 14 in Long Blades
 18558 | D:12     | Noticed Rupert
 18565 | D:12     | Killed Rupert
 18597 | D:12     | Noticed Gastronok
 18616 | D:12     | Killed Gastronok
 18636 | D:12     | Found a staircase to the Orcish Mines.
 18945 | D:12     | Noticed Azrael
 18956 | D:12     | Killed Azrael
 19237 | D:12     | Found a viscous altar of Jiyva.
 19448 | Orc:1    | Entered Level 1 of the Orcish Mines
 19665 | Orc:2    | Entered Level 2 of the Orcish Mines
 19674 | Orc:2    | Reached skill level 15 in Long Blades
 19982 | Orc:2    | Found Dobragg's Armour Boutique.
 20001 | Orc:2    | Bought a +2 hat for 208 gold pieces
 20055 | Orc:2    | Found Koosatyf's Assorted Antiques.
 20061 | Orc:2    | Identified the +2 kite shield "Godeptiweki" {rF+ rN+}
 20061 | Orc:2    | Noticed Donald
 20073 | Orc:2    | Killed Donald
 20112 | Orc:2    | Found Jatyomy's Antique Weapon Emporium.
 20136 | Orc:2    | Found Fiuguzyk's Antique Weapon Boutique.
 20167 | Orc:2    | Found Lajon's Armour Shoppe.
 20218 | Orc:2    | Bought the +2 shield of Resistance {rF++ rC++ Will++} for
                  | 908 gold pieces
 20218 | Orc:2    | Found the +2 shield of Resistance {rF++ rC++ Will++}
 20305 | Orc:2    | Found a staircase to the Elven Halls.
 20342 | Orc:2    | Found Xyruis's Distillery.
 20343 | Orc:2    | Found Jopnuni's Magic Scroll Emporium.
 20491 | Orc:2    | Bought a scroll of teleportation for 42 gold pieces
 20491 | Orc:2    | Bought a scroll of summoning for 133 gold pieces
 20491 | Orc:2    | Bought a scroll of fog for 28 gold pieces
 20746 | Orc:2    | Reached skill level 16 in Long Blades
 20878 | Orc:2    | Found Curph's Antique Armour Boutique.
 20878 | Orc:2    | Found Ataeteh's Jewellery Shop.
 20879 | Orc:2    | Found a one-way gate leading to the halls of Pandemonium.
 21123 | Orc:2    | Bought a potion of mutation for 80 gold pieces
 21123 | Orc:2    | Bought a potion of cancellation for 80 gold pieces
 21123 | Orc:2    | Bought a potion of mutation for 80 gold pieces
 21123 | Orc:2    | Bought a potion of curing for 30 gold pieces
 21123 | Orc:2    | Bought a potion of lignification for 30 gold pieces
 21152 | Orc:2    | Bought a scorched scale mail for 324 gold pieces
 21152 | Orc:2    | Identified the +6 scale mail "Ifocanih" {rC+ Int+3} (You
                  | bought it in a shop on level 2 of the Orcish Mines)
 22099 | D:14     | Reached XP level 16. HP: 132/132 MP: 16/16
 22262 | D:14     | Reached skill level 17 in Long Blades
 22665 | D:14     | Found a gate to the Vaults.
 23113 | D:14     | Bought an encrusted ring mail for 306 gold pieces
 23113 | D:14     | Identified the +0 ring mail of Impressiveness {+Inv Int+3
                  | Dex+4 SInv} (You bought it in a shop on level 14 of the
                  | Dungeon)
 23158 | D:14     | Identified the +8 mace of the Extremes {venom, *Corrode
                  | Will++ Str+5}
 23309 | D:14     | Bought distressingly furry pearl dragon scales for 3519
                  | gold pieces
 23309 | D:14     | Identified the +1 pearl dragon scales "Etaajasi" {Harm rN+}
                  | (You bought it in a shop on level 14 of the Dungeon)
 23325 | D:15     | Entered Level 15 of the Dungeon
 23346 | D:15     | Found a stormy altar of Qazlal.
 23359 | D:15     | Reached skill level 15 in Fighting
 23375 | D:15     | Found a staircase to the Depths.
 23532 | D:15     | Reached skill level 18 in Long Blades
 23843 | D:15     | Noticed an azure jelly
 23854 | D:15     | Killed an azure jelly
 23863 | D:15     | Found a frozen archway.
 23871 | IceCv    | Entered an ice cave
 24095 | IceCv    | Reached skill level 19 in Long Blades
 24105 | IceCv    | Reached skill level 1 in Shields
 24562 | IceCv    | Found the +5 sword of Power {vorpal}
 24638 | IceCv    | Identified the ring of Disaster {+Blink rF+ Int+2 Dex+6}
 24656 | IceCv    | Identified the +0 pair of boots "Ynwuar" {rPois}
 24985 | D:15     | Identified the +9 arbalest of Dividends {elec, rF+ Stlth+}
 25260 | D:15     | Reached XP level 17. HP: 142/142 MP: 17/17
 25714 | Swamp:1  | Entered Level 1 of the Swamp
 25776 | Swamp:1  | Reached skill level 5 in Shields
 25879 | Swamp:1  | Identified the +0 robe of Viyttefe {rF+ rN+ Will++}
 26449 | Swamp:2  | Noticed Mlioglotl
 26454 | Swamp:2  | Killed Mlioglotl
 26474 | Swamp:2  | Noticed Louise
 26486 | Swamp:2  | Killed Louise
 26522 | Swamp:2  | Identified the +5 halberd of Sloth {vorpal, Str+2}
 26563 | Swamp:2  | You fall into a shaft and drop 1 floor!
 26700 | Swamp:3  | Noticed Bai Suzhen
 26779 | Swamp:3  | Killed Bai Suzhen
 27648 | Swamp:4  | Entered Level 4 of the Swamp
 27695 | Swamp:4  | Reached skill level 10 in Shields
 27844 | Swamp:4  | Noticed the 27-headed Lernaean hydra
 27901 | Swamp:4  | Killed the 27-headed Lernaean hydra
 28054 | Swamp:4  | Reached XP level 18. HP: 153/153 MP: 18/18
 28278 | Swamp:4  | Got a decaying rune of Zot
 28413 | Snake:1  | Entered Level 1 of the Snake Pit
 31678 | Snake:4  | Entered Level 4 of the Snake Pit
 31725 | Snake:4  | Reached XP level 19. HP: 144/167 MP: 19/19
 32609 | Snake:4  | Got a serpentine rune of Zot
 33182 | Vaults:1 | Entered Level 1 of the Vaults
 33241 | Vaults:1 | Noticed Aizul
 33257 | Vaults:1 | Killed Aizul
 33625 | Vaults:1 | Found a crumbling gateway.
 33638 | Desolati | Entered the Desolation of Salt
 33852 | Desolati | Identified the +2 scale mail of the Leaf {*Slow rPois
                  | Dex+3}
 33883 | Desolati | Got the Directory of Battle Magic and Ensorcelling
 34035 | Desolati | Reached XP level 20. HP: 176/176 MP: 20/20
 34066 | Desolati | Identified the ring "Kuadenauw" {AC+4 Str+2}
 34109 | Desolati | Got the Catalogue of Gathered Necromancy
 34145 | Desolati | Identified the +1 scimitar of Urgency {vorpal, rElec rPois
                  | rF- Int+6}
 34149 | Desolati | Identified the ring of the Coward {rC+ Dex+6}
 34455 | Desolati | Found the +7 great mace "Firestarter" {inner flame, rF++}
 34473 | Desolati | Identified the ring "Deiczett" {+Blink AC+4}
 34506 | Desolati | Identified the ring of Bahodahi {rElec rPois Str-4 Dex-4
                  | SInv}
 34718 | Desolati | Got the Tome of Hoarfrost
 34798 | Desolati | Got the Reference Book on Captivating Firn
 34805 | Desolati | Found the +10 dark maul {vorpal}
 34808 | Desolati | Identified the +4 shortbow "Murmur" {vorpal, rF+ Will++
                  | Str-2 SInv}
 34934 | Desolati | Got the Spellbook of Earth
 35092 | Vaults:1 | Bought a bloodstained ring mail for 360 gold pieces
 35092 | Vaults:1 | Identified the +0 ring mail of the Vestibule of Hell {rC+
                  | Dex+4} (You bought it in a shop on level 1 of the Vaults)
 35092 | Vaults:1 | Bought an ichor-stained ring mail for 360 gold pieces
 35092 | Vaults:1 | Identified the +0 ring mail "Etoam" {rElec Str+2 Int-3}
                  | (You bought it in a shop on level 1 of the Vaults)
 35092 | Vaults:1 | Bought a polished ring mail for 360 gold pieces
 35092 | Vaults:1 | Identified the +1 ring mail of the Lily {Rampage rF+ Regen+
                  | MP+9} (You bought it in a shop on level 1 of the Vaults)
 35221 | Vaults:1 | Found Eddann's Distillery.
 35222 | Vaults:1 | Noticed Zenata
 35241 | Vaults:1 | Killed Zenata
 35288 | Vaults:1 | Bought a potion of haste for 120 gold pieces
 35288 | Vaults:1 | Bought a potion of might for 48 gold pieces
 35288 | Vaults:1 | Bought a potion of berserk rage for 60 gold pieces
 35288 | Vaults:1 | Bought a potion of resistance for 120 gold pieces
 36504 | Vaults:2 | Found a portal to a secret trove of treasure.
 37183 | Vaults:1 | Bought a potion of curing for 36 gold pieces
 37183 | Vaults:1 | Bought 2 potions of curing for 72 gold pieces
 37326 | Vaults:2 | You paid a toll of 20 potions of curing to enter a treasure
                  | trove
 37327 | Trove    | Entered a treasure trove
 37329 | Trove    | Found the +5 robe of Night {Dark Will+ SInv}
 37332 | Trove    | Identified the +1 cloak of Insecurity {*Corrode Str+7}
 37333 | Trove    | Identified the +0 hat of the Present {rElec rPois rF-
                  | Regen+}
 37334 | Trove    | Identified the +2 helmet of the Gardener {rPois Str+3}
 37335 | Trove    | Identified the -1 helmet of Fekauts {Dex+5}
 37337 | Trove    | Identified the +1 helmet of the Hunter {rN+ MP+9 Str-4}
 37338 | Trove    | Identified the +1 helmet of Egalitarianism {Rampage rC+
                  | Int-2}
 37340 | Trove    | Identified the +1 leather armour of Reason {rPois rC- rN+
                  | Will+}
 37341 | Trove    | Identified the +1 helmet "Mojofeg" {Int+3 Slay+4}
 37348 | Trove    | Identified the +3 pair of gloves of the Arena {Fly}
 37351 | Trove    | Identified the +4 plate armour of Precision Catastrophes
                  | {rF+ Slay+4}
 37520 | Vaults:2 | Reached skill level 15 in Armour
 37547 | Vaults:2 | Reached XP level 21. HP: 133/183 MP: 21/21
 37917 | Vaults:2 | Reached skill level 20 in Long Blades
 38506 | Vaults:3 | Found a staircase to the Crypt.
 39350 | Vaults:3 | Reached skill level 21 in Long Blades
 39957 | Vaults:4 | Noticed an ancient lich
 39973 | Vaults:4 | Killed an ancient lich
 39974 | Vaults:4 | Reached skill level 15 in Shields
 40069 | Vaults:4 | Identified the +0 ring mail of Cheibriados's Respect {Int+3
                  | Slay+4}
 40437 | Vaults:4 | Found a magical portal.
 40446 | WizLab   | Entered The Hall of the Hellbinder
 40473 | WizLab   | Reached XP level 22. HP: 190/190 MP: 22/22
 40541 | WizLab   | Reached skill level 22 in Long Blades
 40797 | WizLab   | Found a burning altar of Makhleb.
 40797 | WizLab   | Noticed Sanu
 40807 | WizLab   | Killed Sanu the Hellbinder
 40821 | WizLab   | Gained mutation: You sometimes lose your temper in combat.
                  | [a cacodemon]
 40903 | WizLab   | Got Itofokafe's Guidebook on Accomplices
 40905 | WizLab   | Identified the ring of Vionuw {rCorr SInv}
 40907 | WizLab   | Identified the ring "Varo" {rC++ Will+++ rCorr Stlth+}
 40908 | WizLab   | Identified the ring "Qithi Ogo" {rElec rC+ rCorr Slay-3}
 40957 | WizLab   | Identified the ring of Oluirch {Ice *Slow Dex+7 Slay+6}
 42885 | Vaults:4 | Bought the +5 chain mail of Ignis's Favour {Rampage rF++}
                  | for 864 gold pieces
 43025 | Vaults:5 | Entered Level 5 of the Vaults
 43026 | Vaults:5 | Noticed a dread lich
 43145 | Vaults:5 | Killed a dread lich
 43150 | Vaults:5 | Reached skill level 23 in Long Blades
 43241 | Vaults:5 | Reached XP level 23. HP: 148/199 MP: 23/23
 43254 | Vaults:5 | Identified the +5 shortbow of Amorality {vorpal, rPois rF+
                  | Stlth-}
 43480 | Vaults:5 | Identified the +6 hand axe of Hiyky {spect, rPois rC- rCorr
                  | Int+3}
 43801 | Vaults:4 | Reached XP level 24. HP: 208/208 MP: 23/23
 43802 | Vaults:4 | Reached XP level 25. HP: 216/216 MP: 23/23
 43887 | Vaults:5 | Identified the ring "Jigog" {rC+ Slay+3 SInv}
 44193 | Vaults:5 | Found the +8 arc blade {discharge, rElec}
 44193 | Vaults:5 | Identified the +5 war axe of Enchanting Terror {drain,
                  | Int+4}
 44295 | Vaults:5 | Identified the +2 scale mail "Earthly Heaven" {rN+ Regen+
                  | Str-4}
 44524 | Vaults:5 | Got a silver rune of Zot
 44977 | D:14     | Lost mutation: You sometimes lose your temper in combat.
                  | [potion of mutation]
 44977 | D:14     | Gained mutation: Your magical capacity is low. (-10% MP)
                  | [potion of mutation]
 45044 | Depths:1 | Entered Level 1 of the Depths
 45072 | Depths:1 | Reached skill level 24 in Long Blades
 45575 | Depths:1 | Found a one-way gate to the infinite horrors of the Abyss.
 45651 | Depths:1 | Found Hog Ruj's Jewellery Boutique.
 45651 | Depths:1 | Found Niuti's General Store.
 45665 | Depths:1 | Bought a potion of might for 56 gold pieces
 45665 | Depths:1 | Bought a potion of mutation for 112 gold pieces
 45757 | Depths:1 | Noticed the Enchantress
 45770 | Depths:1 | Killed the Enchantress
 45812 | Depths:1 | Identified the +3 hand axe of Wedathust {vorpal, rPois
                  | Int+4 Dex+3 SInv}
 45826 | Depths:1 | Found a gateway to Hell.
 45917 | Depths:1 | Found a shimmering altar of Xom.
 45992 | Depths:1 | Found a shimmering blue altar of Sif Muna.
 46035 | Depths:1 | Noticed Saint Roka
 46053 | Depths:1 | Killed Saint Roka
 46318 | Depths:2 | Found a one-way gateway to a ziggurat.
 46328 | Depths:2 | Paralysed by a floating eye for 4 turns
 46334 | Depths:2 | Paralysed by a floating eye for 3 turns
 46340 | Depths:2 | Paralysed by a floating eye for 3 turns
 46346 | Depths:2 | Paralysed by a floating eye for 3 turns
 46353 | Depths:2 | Paralysed by a floating eye for 4 turns
 46373 | Depths:2 | Paralysed by a floating eye for 2 turns
 46378 | Depths:2 | Paralysed by a floating eye for 3 turns
 46386 | Depths:2 | Paralysed by a floating eye for 2 turns
 46392 | Depths:2 | Paralysed by a floating eye for 3 turns
 46400 | Depths:2 | Paralysed by a floating eye for 2 turns
 46680 | Depths:2 | Found a sparkling altar of Nemelex Xobeh.
 46854 | Depths:2 | Found an ancient bone altar of Kikubaaqudgha.
 46995 | Depths:2 | Identified the +8 scimitar of Red Judgement {vorpal, Drain
                  | rCorr Int+3}
 47057 | Depths:2 | Identified the +1 robe of the Farrier {Str+5}
 47128 | Depths:2 | Reached XP level 26. HP: 226/226 MP: 20/20
 47288 | Depths:2 | Found Juikelif's Book Shop.
 47595 | Depths:2 | Got Osoif's Writings on Necromancy and Vapour
 47907 | Depths:3 | Identified the ring of Erukai {Ice rPois}
 47907 | Depths:3 | Noticed Josephina
 47923 | Depths:3 | Killed Josephina
 47983 | Depths:3 | Noticed Grunn
 47996 | Depths:3 | Killed Grunn
 48003 | Depths:3 | Reached skill level 25 in Long Blades
 48331 | Depths:3 | Found an iron altar of Okawaru.
 48630 | Depths:3 | Noticed a juggernaut
 48639 | Depths:3 | Killed a juggernaut
 49295 | Depths:4 | Entered Level 4 of the Depths
 49823 | Depths:4 | Identified the ring of Seismahuta {rC+ Int+5}
 49909 | Depths:4 | Found a gate to the Realm of Zot.
 49916 | Depths:4 | Identified the +8 glaive of the Bedazzling Ass {venom,
                  | rElec rF+}
 50293 | Depths:4 | Reached XP level 27. HP: 229/242 MP: 20/20
 50677 | Depths:4 | Voluntarily entered the Abyss.
 51768 | Abyss:3  | Found a corrupted altar of Lugonu.
 51885 | Abyss:3  | Found a glowing golden altar of the Shining One.
 51908 | Abyss:3  | Noticed a juggernaut
 51921 | Abyss:3  | Killed a juggernaut
 51937 | Abyss:3  | Got an abyssal rune of Zot
 52004 | Depths:4 | Escaped the Abyss
 52152 | Depths:4 | Lost mutation: Your magical capacity is low. (-10% MP)
                  | [potion of mutation]
 52152 | Depths:4 | Gained mutation: Your flesh is cold resistant. (rC+)
                  | [potion of mutation]
 52152 | Depths:4 | Gained mutation: Your flesh is very cold resistant. (rC++)
                  | [potion of mutation]
 52152 | Depths:4 | Gained mutation: Your muscles are strong. (Str +4, Int/Dex
                  | -1) [potion of mutation]
 52153 | Depths:4 | Lost mutation: Your muscles are strong. (Str +4, Int/Dex
                  | -1) [potion of mutation]
 52153 | Depths:4 | Lost mutation: Your flesh is very cold resistant. (rC++)
                  | [potion of mutation]
 52153 | Depths:4 | Gained mutation: You passively dampen the noise of your
                  | surroundings. [potion of mutation]
 52153 | Depths:4 | Gained mutation: Your system is resistant to poisons.
                  | (rPois) [potion of mutation]
 52153 | Depths:4 | Gained mutation: You have hidden genetic defects. [potion
                  | of mutation]
 52153 | Depths:4 | Gained mutation: You have a pair of small horns on your
                  | head. [potion of mutation]
 52154 | Depths:4 | Lost mutation: You have hidden genetic defects. [potion of
                  | mutation]
 52154 | Depths:4 | Lost mutation: You have a pair of small horns on your head.
                  | [potion of mutation]
 52154 | Depths:4 | Gained mutation: Your body sometimes deteriorates upon
                  | taking damage. [potion of mutation]
 52154 | Depths:4 | Gained mutation: You have a beak for a mouth. [potion of
                  | mutation]
 52155 | Depths:4 | Lost mutation: Your flesh is cold resistant. (rC+) [potion
                  | of mutation]
 52155 | Depths:4 | Lost mutation: Your body sometimes deteriorates upon taking
                  | damage. [potion of mutation]
 52155 | Depths:4 | Gained mutation: You occasionally lose the ability to drink
                  | potions when taking damage. [potion of mutation]
 52156 | Depths:4 | Lost mutation: You occasionally lose the ability to drink
                  | potions when taking damage. [potion of mutation]
 52156 | Depths:4 | Lost mutation: Your system is resistant to poisons. (rPois)
                  | [potion of mutation]
 52156 | Depths:4 | Gained mutation: You have hidden genetic defects. [potion
                  | of mutation]
 52156 | Depths:4 | Lost mutation: You passively dampen the noise of your
                  | surroundings. [potion of mutation]
 52156 | Depths:4 | Gained mutation: Your natural rate of healing is unusually
                  | fast. [potion of mutation]
 52157 | Depths:4 | Lost mutation: Your natural rate of healing is unusually
                  | fast. [potion of mutation]
 52157 | Depths:4 | Lost mutation: You have hidden genetic defects. [potion of
                  | mutation]
 52157 | Depths:4 | Lost mutation: You have a beak for a mouth. [potion of
                  | mutation]
 52157 | Depths:4 | Gained mutation: Your mind is acute. (Int +4, Str/Dex -1)
                  | [potion of mutation]
 52157 | Depths:4 | Gained mutation: Armour fits poorly on your strangely
                  | shaped body. [potion of mutation]
 52167 | Depths:4 | Lost mutation: Your mind is acute. (Int +4, Str/Dex -1)
                  | [potion of mutation]
 52167 | Depths:4 | Lost mutation: Armour fits poorly on your strangely shaped
                  | body. [potion of mutation]
 52167 | Depths:4 | Gained mutation: Your spells are a little easier to cast,
                  | but a little less powerful. [potion of mutation]
 52167 | Depths:4 | Gained mutation: You are occasionally teleported next to
                  | monsters. [potion of mutation]
 52168 | Depths:4 | Lost mutation: Your spells are a little easier to cast, but
                  | a little less powerful. [potion of mutation]
 52168 | Depths:4 | Lost mutation: You are occasionally teleported next to
                  | monsters. [potion of mutation]
 52168 | Depths:4 | Gained mutation: You sometimes lose your temper in combat.
                  | [potion of mutation]
 52168 | Depths:4 | Gained mutation: You have hidden genetic potential. [potion
                  | of mutation]
 52194 | Zot:1    | Entered Level 1 of the Realm of Zot
 52594 | Zot:1    | Identified the +0 ring mail of the Okapi {Fly rN+ SInv}
 52858 | Zot:1    | Gained mutation: Your magical capacity is low. (-10% MP)
                  | [mutagenic glow]
 52880 | Zot:1    | Gained mutation: You are frail. (-10% HP) [mutagenic glow]
 52889 | Zot:1    | Lost mutation: You have hidden genetic potential.
                  | [mutagenic glow]
 53304 | Zot:2    | Reached skill level 26 in Long Blades
 53881 | Zot:2    | You are sucked into a shaft and drop 2 floors!
 55730 | Zot:2    | Reached skill level 27 in Long Blades
 56477 | Zot:5    | Entered Level 5 of the Realm of Zot
 56624 | Zot:5    | Identified the ring "Wes Kabro" {rC- Int+4 Slay+4}
 56809 | Zot:5    | Noticed a dread lich
 56818 | Zot:5    | Noticed an ancient lich
 56819 | Zot:5    | Noticed an orb of fire
 56855 | Zot:5    | Got the Orb of Zot
 56857 | Zot:5    | Noticed a dread lich
 56863 | Zot:5    | Noticed a dread lich
 56870 | Zot:5    | Noticed an ancient lich
 56875 | Zot:5    | Killed a dread lich
 56880 | Zot:5    | Killed an ancient lich
 56883 | Zot:5    | Noticed an orb of fire
 56892 | Zot:5    | Killed a dread lich
 56896 | Zot:5    | Noticed a dread lich
 57383 | D:13     | Lost mutation: You sometimes lose your temper in combat.
                  | [potion of mutation]
 57383 | D:13     | Lost mutation: You are frail. (-10% HP) [potion of
                  | mutation]
 57383 | D:13     | Lost mutation: Your magical capacity is low. (-10% MP)
                  | [potion of mutation]
 57383 | D:13     | Gained mutation: Your body sometimes deteriorates upon
                  | taking damage. [potion of mutation]
 57713 | D:$      | Escaped with the Orb!

Illustrated notes

Levels and vault maps discovered:
D:1:      lightli_molten_gateway, layout_loops_ring
D:2:      layout_basic, shapermc_ecumenical_altar_pompeii, serial_shops,
          nicolae_shop_trees
D:3:      layout_loops_ring
D:4:      layout_basic, nicolae_ru_sacrificial_ziggurat, sigmund_army
D:5:      layout_basic, zin_purify, lemuel_doored_altar,
          grunt_decor_mini_mirrors, st_stairs_14, uniq_eustachio
D:6:      layout_loops_corners, uniq_edmund
D:7:      layout_gridville, minmay_temple_entry_slanted, enter_bailey_1
D:8:      layout_basic, hellmonk_ghost_happy_afterlife, uniq_joseph
D:9:      layout_basic, grunt_temple_overflow_open, david_lair_shrubbed,
          moated_statue
D:10:     nicolae_cairo_tiling_large_dashed, layout_rooms,
          lightli_temple_of_fire
D:11:     layout_roguey, uniq_maurice, uniq_sonja
D:12:     layout_roguey, erik_orc_3, gammafunk_ghost_ooze, uniq_gastronok,
          uniq_kirke, uniq_azrael, uniq_rupert
D:13:     layout_small_grid, nicolae_hexahallways, grunt_decor_junction,
          minmay_fractal_squares_gapless_5
D:14:     kennysheep_six_static_rooms, layout_basic, david_vaults_1,
          kennysheep_nub, minivault_28
D:15:     hangedman_depths_entry_try_elsewhere_first, layout_loops_ring,
          portal_ice_cave_entry_horrid_things, nicolae_qazlal_style_of_elements
Temple:   compressed_dpeg_circular_temple
Lair:1:   layout_cave_pods, gauntlet_entry_generic, uniq_erica
Lair:2:   layout_regular_city
Lair:3:   layout_loops_ring, minmay_snake_entry_six_corridors,
          fungi_pond_lemuel, uniq_prince_ribbit2
Lair:4:   layout_roguey, palyth_hydra_swamp_entry
Lair:5:   layout_gridlike, slime_entry_2, serial_bayou_shore_a,
          infiniplex_staircase_pool, grunt_megastairs_5, serial_bayou_shore_b
Lair:6:   guppyfry_lair_end_dragon, layout_cave_pods, hangedman_lair_in_review,
          uniq_snorg
Swamp:1:  layout_basic_swamp, nicolae_swamp_little_swirl
Swamp:2:  layout_basic_swamp, evilmike_swamp_ruin_wall, uniq_mlioglotl,
          uniq_louise
Swamp:3:  layout_basic_swamp, nicolae_swamp_treefoil, swamp_pool1,
          nicolae_swamp_well_well_well, uniq_bai_suzhen
Swamp:4:  swamp_alternative, layout_basic_swamp, swamp_pool1
Snake:1:  layout_basic
Snake:2:  layout_basic, nicolae_integral_box
Snake:3:  layout_layer_cave, evilmike_ambush [evilmike_ambush_outer_doors,
          evilmike_ambush_inner_pond], serial_bayou_shore_b
Snake:4:  grunt_snake_rune_pools, layout_onion_interference
Orc:1:    layout_caves
Orc:2:    pf_orc_diabolical, layout_caves, serial_shops, shop, shop,
          nicolae_shop_waterfront, nicolae_shop_hallway_plus, shop, uniq_donald
Vaults:1: portal_desolation_entry_nicolae_slug, vaults_room_pools,
          ontoclasm_vaults_spin, vaults_room_grunt_arrival_ludios,
          vaults_mumra_lcd, v_misc_4, v_misc_28, v_misc_4,
          ontoclasm_vaults_misaligned, st_smaller_cells,
          nicolae_vaults_network_square, nicolae_vaults_circle_grid_a,
          vaults_room_semicircle, layout_vaults_ring, serial_shops,
          nicolae_shop_temple_entry_statues_fountains, uniq_aizul, uniq_zenata
Vaults:2: nicolae_vaults_little_squares_1, v_misc_27, v_pattern_5,
          vaults_room_boxed, v_rooms_4, ontoclasm_vaults_ligature,
          hangedman_vaults_corner, nicolae_vaults_yaktaur_gun_rack,
          layout_vaults_big_room, enter_trove_0
Vaults:3: v_misc_4, v_misc_24, ontoclasm_vaults_fault, vaults_room_corners,
          grunt_vaults_focal, vaults_room_hallway, vaults_room_ringed_pool,
          ontoclasm_vaults_ring_square, ontoclasm_vaults_misaligned, v_misc_10,
          vaults_room_pool, layout_vaults_quadrants,
          minmay_crypt_entry_simple_box
Vaults:4: mu_enter_wizlab_5, v_misc_33, vaults_room_semicircle,
          nicolae_vaults_network_periphery, nicolae_vaults_disjoint_gnomons,
          vaults_dpeg_spiral, nicolae_vaults_little_squares_2,
          ontoclasm_vaults_shout, v_alt_pattern_2,
          vaults_mumra_minichess_inversion, vaults_dpeg_cross,
          vaults_room_pools, ontoclasm_vaults_ring_square, v_misc_23,
          layout_vaults_maze_bifur
Vaults:5
Depths:1: layout_gridville, led_sif_pool, hangedman_coc_ice_floe, abyss_entry,
          st_stairs_6, nicolae_sextant, amcnicky_mini_rare_corridor_liquid,
          hangedman_decor_opposing, led_xom_imps, minmay_shoptagon,
          uniq_enchantress, uniq_saint_roka
Depths:2: evilmike_negative_zone, layout_basic, enter_ziggurat_d, serial_shops,
          kennysheep_mini_moat, hell_entry, hangedman_abyss_entry_splay,
          nemelex_diamond_rough_becter, pan_entry, grunt_decor_fettered
Depths:3: nzn_winding_woodlands_small [nzn_winding_woodlands_5x15_cabin,
          nzn_winding_woodlands_center_triple_pond,
          nzn_winding_woodlands_5x15_longhouse], layout_cave_shapes,
          abyss_entry, hell_entry, okawaru_ov_weapons_minmay,
          grunt_megastairs_1, minmay_staircase_bubble, uniq_grunn,
          uniq_josephina
Depths:4: lemuel_castle_with_subvaults [lemuel_castle_interior_carwin_3],
          layout_basic, abyss_entry, grunt_hell_horde, amcnicky_mini_pool_small,
          drop_trap
Zot:1:    layout_gridlike
Zot:2:    layout_concentric_octagons, zot_minivault_8
Zot:3:    layout_gridlike
Zot:4:    layout_basic
Zot:5:    layout_cathedral_of_symmetry, grunt_ministairs_6

Skill      XL: |  1  2  3  4  5  6  7  8  9 10 11 12 13 14 15 16 17 18 19 20 21 22 23 24 25 26 27 |
---------------+----------------------------------------------------------------------------------+-----
Long Blades    | 4 6 7 9 11 12 13 16 19 21 23 24 25 27 | 27.0
Fighting       | 6 10 12 13 15 16 19 20 21 22 25 26 | 26.9
Dodging        | 6 8 12 15 19 20 21 22 23 25 26 | 26.9
Armour         | 4 6 8 12 15 | 15.0
Evocations     | 1 10 11 12 | 12.3
Shields        | 4 10 12 15 18 | 18.7
Throwing       | |  2.0

Action                   |  1- 3 |  4- 6 |  7- 9 | 10-12 | 13-15 | 16-18 | 19-21 | 22-24 | 25-27 || total
-------------------------+-------+-------+-------+-------+-------+-------+-------+-------+-------++-------
Melee: Long sword        |    64 |   141 |   173 |       |       |       |       |       |       ||   378
       Punch             |       |       |     1 |       |     7 |       |       |       |       ||     8
       Triple sword      |       |       |    69 |   274 |   413 |       |       |       |       ||   756
       Tailslap          |       |       |       |     1 |     6 |    53 |       |       |       ||    60
       Double sword      |       |       |       |       |   560 |  1066 |  1308 |   398 |  1827 ||  5159
       Demon blade       |       |       |       |       |       |       |     4 |       |       ||     4
Throw: Throwing net      |     2 |     3 |     3 |       |       |       |       |       |       ||     8
       Javelin           |     1 |     2 |     2 |       |       |       |       |       |       ||     5
       Dart              |       |       |       |       |     3 |       |       |       |       ||     3
Invok: Potion Petition   |       |       |       |       |       |     2 |       |     2 |     6 ||    10
       Call Merchant     |       |       |       |       |       |     1 |     1 |     3 |       ||     5
       Bribe Branch      |       |       |       |       |       |       |       |       |     2 ||     2
 Abil: Evoke Blink       |       |       |       |       |       |       |       |     6 |     3 ||     9
Evoke: Wand              |       |     3 |     6 |     5 |    19 |     6 |     7 |     1 |    17 ||    64
       Phantom mirror    |       |       |       |     1 |     2 |     1 |       |     1 |       ||     5
       Lightning rod     |       |       |       |       |     1 |       |       |     1 |     2 ||     4
       Phial of floods   |       |       |       |       |     1 |       |     1 |     2 |     1 ||     5
       Condenser vane    |       |       |       |       |       |       |       |     1 |     1 ||     2
  Use: Potion            |       |     4 |     1 |     3 |     1 |     5 |     3 |     9 |    16 ||    42
       Scroll            |       |       |    19 |       |    14 |     3 |     7 |     7 |     7 ||    57
 Stab: Held in net/web   |       |       |     2 |       |       |       |       |       |       ||     2
       Distracted        |       |       |       |     5 |    11 |    26 |    36 |    18 |    47 ||   143
       Sleeping          |       |       |       |       |     2 |     6 |     2 |       |     5 ||    15
       Petrified         |       |       |       |       |     2 |       |       |       |       ||     2
       Paralysed         |       |       |       |       |     3 |       |       |       |       ||     3
       Invisible         |       |       |       |       |       |     7 |       |     3 |    23 ||    33
Armor: Leather armour    |    23 |    40 |    28 |       |       |       |       |       |       ||    91
       Ring mail         |       |       |    69 |    42 |   227 |   147 |   119 |     9 |       ||   613
       Plate armour      |       |       |       |   105 |       |       |       |       |       ||   105
       Quicksilver drago |       |       |       |       |     1 |       |       |       |       ||     1
       Robe              |       |       |       |       |       |       |       |    31 |   102 ||   133
Dodge: Dodged            |    40 |    92 |   147 |   258 |   837 |   632 |   613 |   301 |  1284 ||  4204
Block: Other             |       |       |       |    54 |   153 |       |       |       |       ||   207
       Reflection        |       |       |       |       |    13 |    73 |   119 |    25 |    19 ||   249
       Kite shield       |       |       |       |       |   139 |   958 |  1218 |   428 |  1719 ||  4462
       Buckler           |       |       |       |       |    62 |       |       |       |       ||    62

Table legend: (Time is in decaauts)
 A = Elapsed time spent in this place.
 B = Non-inter-level travel time spent in this place.
 C = Inter-level travel time spent in this place.
 D = Time resting spent in this place.
 E = Time spent auto-exploring this place.
 F = Levels seen in this place.
 G = Mean time per level.
                   A        B        C        D        E       F      G
               +--------+--------+--------+--------+--------+-----+--------+
         Total |  56574 |  50134 |   6440 |   2612 |  33709 |  55 | 1028.6 |
       Dungeon |  16811 |  14262 |   2549 |    802 |  10644 |  15 | 1120.7 |
        Temple |    117 |     82 |     35 |      0 |     69 |   1 |  117.0 |
          Lair |   7176 |   6245 |    931 |    126 |   4631 |   6 | 1196.0 |
         Swamp |   2294 |   2195 |     99 |     73 |   1435 |   4 |  573.5 |
     Snake Pit |   4463 |   4092 |    371 |    117 |   3085 |   4 | 1115.8 |
  Orcish Mines |   1497 |   1356 |    141 |     62 |    806 |   2 |  748.5 |
        Vaults |   8705 |   7283 |   1422 |    475 |   4556 |   5 | 1741.0 |
        Depths |   5888 |   5453 |    435 |    291 |   3426 |   4 | 1472.0 |
           Zot |   4712 |   4259 |    453 |    186 |   2857 |   5 |  942.4 |
         Abyss |   1239 |   1239 |      0 |     94 |    534 |   3 |  413.0 |
         Trove |     56 |     56 |      0 |      0 |      2 |   1 |   56.0 |
        Bailey |    124 |    124 |      0 |    107 |      0 |   1 |  124.0 |
      Ice Cave |   1045 |   1045 |      0 |     51 |    647 |   1 | 1045.0 |
        Wizlab |    553 |    553 |      0 |     81 |    197 |   1 |  553.0 |
    Desolation |   1371 |   1371 |      0 |    146 |    656 |   1 | 1371.0 |
      Gauntlet |    516 |    516 |      0 |      0 |    160 |   1 |  516.0 |
               +--------+--------+--------+--------+--------+-----+--------+

Top non-repeatable levels by time:
Vaults:4: 2204 daAuts
Vaults:1: 1919 daAuts
  Lair:6: 1869 daAuts
Vaults:2: 1813 daAuts
     D:6: 1799 daAuts
Depths:2: 1610 daAuts
Depths:4: 1533 daAuts
Vaults:3: 1480 daAuts
     D:7: 1420 daAuts
    D:14: 1414 daAuts
 Snake:3: 1399 daAuts
Depths:1: 1390 daAuts
   Zot:2: 1381 daAuts
Desolation: 1371 daAuts
Depths:3: 1354 daAuts
